Workbook
Name City: #REF!
Name Delta_0: [1]Deltas!$B$5
Name Delta_1: [1]Deltas!$C$5
Name Delta_2: [1]Deltas!$D$5
Name Delta_3: [1]Deltas!$E$5
Name Delta_4: [1]Deltas!$F$5
Name Delta_5: [1]Deltas!$G$5
Name FY22_FMRs: #REF!
Name Section8: 'FY26 80% AMI'!$B$1:$I$352

Sheet MOBILE MRVP 10.1.26 & 12.1.26
A1: MRVP MOBILE VOUCHER PAYMENT WORKSHEET
A2: Effective 10/1/26 for Relocation | Effective 12/1/26 for Recertification
A4: Date: | G4: Staff:
A5: Tenant: | G5: Owner:
A6: Effective Date: | G6: Contract Rent:
A7: Lease Beginning Date: | G7: Lease End Date:
A8: Voucher Size: | G8: Bedroom Size:
A9: Zip Code: | G9: City/Town
A12: Family Composition | C12: Male | D12: Female | E12: Earned Income Exclusion (Attach Worksheet)
A13: Adult | E13: Member:
A14: FTS | E14: Dates: | H14: to
A15: Minor | E15: Elderly Earned Income Exclusion
A17: Income Exclusions | C17: Y | D17: N | E17: Any member age 62+, exclude any earned income up to $15,600 (minimum wage $15 x 20 hours x 52 weeks)
A18: Full-time Student ≤25
A19: Scholarships | E19: Total Disability Veterans Compensation
A20: Stipends/Training | E20: Exclude all federal VA benefits over $1,800 per month.
A21: Income of PCA
A22: PASS
A25: Gross Annual Income
A26: Member | C26: Type of Income | G26: Amount | K26: Annual
C27: Wages (weekly) | H27: x | I27: 52 | J27: = | K27: =ROUND(G27*I27, 0) -> 0
C28: Wages (biweekly) | H28: x | I28: 26 | J28: = | K28: =ROUND(G28*I28, 0) -> 0
C29: Social Security | H29: x | I29: 12 | J29: = | K29: =ROUND(G29*I29, 0) -> 0
C30: SSDI | H30: x | I30: 12 | J30: = | K30: =ROUND(G30*I30, 0) -> 0
C31: SSI | H31: x | I31: 12 | J31: = | K31: =ROUND(G31*I31, 0) -> 0
C32: SSP | H32: x | I32: 12 | J32: = | K32: =ROUND(G32*I32, 0) -> 0
C33: Welfare/AFDC | H33: x | I33: 12 | J33: = | K33: =ROUND(G33*I33, 0) -> 0
C34: Child Support | H34: x | I34: 12 | J34: = | K34: =ROUND(G34*I34, 0) -> 0
C35: Unemployment | H35: x | I35: 52 | J35: = | K35: =ROUND(G35*I35, 0) -> 0
C36: Pension, etc. | H36: x | I36: 12 | J36: = | K36: =ROUND(G36*I36, 0) -> 0
C37: Veteran's Benefits | H37: x | I37: 12 | J37: = | K37: =ROUND(G37*I37, 0) -> 0
C38: Worker's Comp | H38: x | I38: 12 | J38: = | K38: =ROUND(G38*I38, 0) -> 0
... C42: Other | H42: x | I42: 1 | J42: = | K42: =ROUND(G42*I42, 0) -> 0
I43: Total | K43: =SUM(K27:K42) -> 0
A44: Deductions
A45: Anyone Elderly/Disabled? 5% Deduction of Gross Income | G45: Enter Y or N | J45: = | K45: =ROUND(IF(I45="Y",((SUM(K27:K42))*0.05),0), 0) -> 0
A46: Medical Expenses Over 3% Gross Income; Enter Total | H46: x | I46: 12 | J46: = | K46: =ROUND(IF(((G46*I46)-((SUM(K27:K42))*0.03))<0, "$0", ((G46*I46)-((SUM(K27:K42))*0.03))), 0) -> 0
A47: Work-Related Day-Care Costs | H47: x | I47: 52 | J47: = | K47: =ROUND(G47*I47, 0) -> 0
A48: Tuition & Fees non-FTS; may be HOH; vocationally related | H48: x | I48: 1 | J48: = | K48: =ROUND(G48*I48, 0) -> 0
A49: Child Support/Alimony Payments | H49: x | I49: 12 | J49: = | K49: =ROUND(G49*I49, 0) -> 0
A50: Personal Care Expenses for Disabled Household Member | H50: x | I50: 1 | J50: = | K50: =ROUND(G50*I50, 0) -> 0
A51: Travel Expenses for Disabled Housedhold Member | H51: x | I51: 1 | J51: = | K51: =ROUND(G51*I51, 0) -> 0
I52: Total | K52: =SUM(K45:K51) -> 0
A55: Payment Standard
A56: Is this a regular recertification, relocation, or interim calculation?
A57: Is contract rent being increased? | F57: Enter Y or N | K57: =IF(I57="y", "Rent Increase", "No Rent Increase") -> No Rent Increase
A58: Is there a reasonable accommodation raising the PS? | F58: Enter Y or N | K58: =IF(I58="y", "RA","No RA") -> No RA
A59: Did voucher size change? | F59: Enter Y or N | I59: n | K59: =IF(I59="y", "Voucher Size Change", "No Size Change") -> No Size Change
A60: Household's Current Payment Standard | F60: From Last Calculation
A61: Applicable Payment Standard (Generally 105% SAFMR) | F61: MRVP Applicable Payment Standards | K61: {=INDEX('105FY27SAFMR'!A2:M546,MATCH('MOBILE MRVP 10.1.26 & 12.1.26'!C9,'105FY27SAFMR'!A2:A546,0),Sheet1!H5)} -> #N/A
A62: Payment Standard for This Household | K62: =IF(I58="y",MAX(K74,K60,K61),IF(I59="y",K61,IF(K56="Recertification",K61,IF(K56="Relocation", K61,K60)))) -> 0
A66: Tenant Rent Share Calculation
A67: A. Net Annual Income | F67: Gross Income - Deductions | K67: =IF(K43-K52<0, 0, K43-K52) -> 0
A68: B. Monthly Net Income | F68: A / 12 | K68: =ROUND(K67/12, 0) -> 0
A69: C. Required Household Contribution | F69: 30% x B | K69: =ROUNDUP(K68*0.3, 0) -> 0
A70: D. Payment Standard for this Household | F70: From Above | K70: =K62 -> 0
A71: E. Contract Rent | F71: From Above | K71: =I6 -> 0
A72: F. Is heat included in the rent? | F72: Enter Y or N | K72: =IF(I72="N",IF(I8="SRO", 23, IF(I8="ESRO", 25, IF(I8="Studio", 30, IF(I8=0,30,IF(I8=1,45,IF(I8=2,65,IF(I8=3,85,IF(I8=4,100,IF(I8=5,125,IF(I8=6,150,IF(I8>6,175,0))))))))))), 0) -> 0
A73: G. Is electricity, not for heat, included in the rent? | F73: Enter Y or N | K73: =IF(I73="N",IF(I8="SRO", 12, IF(I8="ESRO", 14, IF(I8="Studio", 16, IF(I8=0,16,IF(I8=1,17,IF(I8=2,18,IF(I8=3,19,IF(I8=4,20,IF(I8=5,21,IF(I8=6,22,IF(I8>6,23,0))))))))))), 0) -> 0
A74: H. Gross Rent | F74: E + F + G | K74: =SUM(K71:K73) -> 0
A75: I. VOUCHER PAYMENT | F75: (Lower of D & H) - C | K75: =MAX((MIN(MIN(K70,K74)-K69, K71)), 0) -> 0
A76: J. TENANT RENT SHARE | F76: E - I | K76: =K71-K75 -> 0
A77: K. UTILITY REIMBURSEMENT | F77: No Longer Paid | K77: =0 -> 0
A78: GROSS Rent Too High For Initial Occupancy* | F78: Household Likely Over Income
A81: RELOCATION: MAXIMUM CONTRACT RENT AT INITIAL OCCUPANCY AND PRORATION
A82: 10% of Net Income: | C82: =ROUNDDOWN(K68*0.1, 0) -> 0 | E82: Maximum GROSS Rent at Initial Occupancy*: | K82: =C82+K61 -> #N/A
A83: Move In Date: | F83: Number of Days in Unit: | I83: =Calculations!B4 -> 32
A84: Tenant Rent Share: | C84: =ROUND(((K76/Calculations!B3)*Calculations!B4), 0) -> 0 | F84: Voucher Payment: | I84: =ROUND(((K75/Calculations!B3)*Calculations!B4), 0) -> 0
A88: MUST be Completed | G88: Optional
A89: *If there is a reasonable accommodation raising the payment standard, this no longer applies.

Sheet Calculations
A1: Description | B1: Formula
A2: Zero | B2: 0
A3: Number of Days in Month | B3: =DAY(DATE(YEAR('MOBILE MRVP 10.1.26 & 12.1.26'!C83),MONTH('MOBILE MRVP 10.1.26 & 12.1.26'!C83)+1,)) -> 31
A4: Number of Days in Unit | B4: =B3-DAY('MOBILE MRVP 10.1.26 & 12.1.26'!C83)+1 -> 32
A6: Household Size | B6: =SUM('MOBILE MRVP 10.1.26 & 12.1.26'!C13:D15) -> 0
A7: 80% AMI | B7: {=INDEX('FY26 80% AMI'!A2:J352,MATCH('MOBILE MRVP 10.1.26 & 12.1.26'!I9,'FY26 80% AMI'!A2:A352,0),B6+1)} -> #N/A
A8: Net Household Income | B8: ='MOBILE MRVP 10.1.26 & 12.1.26'!K67 -> 0
A9: Household Over 80% AMI? | B9: =IF(B8>=B7, "Yes", "No") -> #N/A
A10: Is Household Paying Full Contract Rent? | B10: =IF('MOBILE MRVP 10.1.26 & 12.1.26'!K76='MOBILE MRVP 10.1.26 & 12.1.26'!K71, "Yes", "No") -> Yes
A11: Is Household Over Income? | B11: =IF(AND(B9="Yes", B10="Yes"), "Yes", "No") -> #N/A

Sheet Sheet1
A1: Y | D1: Unit Size | F1: column index
A2: N | D2: SRO | E2: -2 | F2: 3
A3: y | D3: ESRO | E3: -1 | F3: 4 | H3: =IF('MOBILE MRVP 10.1.26 & 12.1.26'!I8="SRO",-2,IF('MOBILE MRVP 10.1.26 & 12.1.26'!I8="ESRO",-1, IF('MOBILE MRVP 10.1.26 & 12.1.26'!I8="Studio", 0, 'MOBILE MRVP 10.1.26 & 12.1.26'!I8))) -> 0 | I3: Unit size as a number
A4: n | D4: Studio | E4: 0 | F4: 5 | H4: =MIN(H3, 'MOBILE MRVP 10.1.26 & 12.1.26'!C8) -> 0 | I4: Min of voucher and unit size
A5: Interim | D5: 0 | E5: 0 | F5: 6 | H5: =IF(H4=-2, 3, IF(H4=-1, 4, IF(H4=0, 5, IF(H4=1, 6, IF(H4=2, 7, IF(H4=3, 8, IF(H4=4, 9, IF(H4=5, 10, 10)))))))) -> 5 | I5: Min to column number
A6: Recertification | D6: 1 | E6: 1 | F6: 7
A7: Relocation | D7: 2 | E7: 2 | F7: 8
D8: 3 | E8: 3 | F8: 9
D9: 4 | E9: 4 | F9: 10
D10: 5 | E10: 5 | F10: 11
D11: 6 | E11: 6 | F11: 12
D12: 7 | E12: 7 | F12: 13
D13: 8 | E13: 8 | F13: 14

Sheet FY26 80% AMI
A1: City/Town | B1: 1 | C1: 2 | D1: 3 | E1: 4 | F1: 5 | G1: 6 | H1: 7 | I1: 8
A2: Abington | B2: 75450 | C2: 86200 | D2: 97000 | E2: 107750 | F2: 116400 | G2: 125000 | H2: 133650 | I2: 142250
A3: Acton | B3: 96000 | C3: 109700 | D3: 123400 | E3: 137100 | F3: 148100 | G3: 159050 | H3: 170050 | I3: 181000
A4: Acushnet | B4: 73650 | C4: 84200 | D4: 94700 | E4: 105200 | F4: 113650 | G4: 122050 | H4: 130450 | I4: 138900
A5: Adams | B5: 73750 | C5: 84300 | D5: 94850 | E5: 105350 | F5: 113800 | G5: 122250 | H5: 130650 | I5: 139100
A6: Agawam | B6: 73650 | C6: 84200 | D6: 94700 | E6: 105200 | F6: 113650 | G6: 122050 | H6: 130450 | I6: 138900
A7: Alford | B7: 73650 | C7: 84200 | D7: 94700 | E7: 105200 | F7: 113650 | G7: 122050 | H7: 130450 | I7: 138900
A8: Amesbury | B8: 96000 | C8: 109700 | D8: 123400 | E8: 137100 | F8: 148100 | G8: 159050 | H8: 170050 | I8: 181000
A9: Amherst | B9: 73650 | C9: 84200 | D9: 94700 | E9: 105200 | F9: 113650 | G9: 122050 | H9: 130450 | I9: 138900
A10: Andover | B10: 74800 | C10: 85450 | D10: 96150 | E10: 106800 | F10: 115350 | G10: 123900 | H10: 132450 | I10: 141000
A11: Aquinnah | B11: 74800 | C11: 85450 | D11: 96150 | E11: 106800 | F11: 115350 | G11: 123900 | H11: 132450 | I11: 141000
A12: Arlington | B12: 96000 | C12: 109700 | D12: 123400 | E12: 137100 | F12: 148100 | G12: 159050 | H12: 170050 | I12: 181000
... A352: Yarmouth | B352: 79100 | C352: 90400 | D352: 101700 | E352: 112950 | F352: 122000 | G352: 131050 | H352: 140100 | I352: 149100

Sheet To Do
A1: Done | B1: Task
B2: Make sure correct cells are locked/unlocked
B3: Make sure conditional formatting is applied to all cells
B4: Fix Rent Too High at Initial Occupancy
B5: Double check column argument in payment standard index
B6: Add in formula for over income
B7: Update header/footer
B8: update Brockton FY22_FMRs

Sheet 105FY27SAFMR
A1: ZIP Code | B1: city/town | C1: SRO | D1: ESRO | E1: 0 | F1: 1 | G1: 2 | H1: 3 | I1: 4 | J1: 5 | K1: 6 | L1: 7 | M1: 8
A2: 01001 | B2: AGAWAM | C2: 1071 | D2: 1178 | E2: 1428 | F2: 1596 | G2: 2026 | H2: 2520 | I2: 2667 | J2: 3067 | K2: 3467 | L2: 3867 | M2: 4267
A3: 01002 | B3: AMHERST | C3: 1347 | D3: 1481 | E3: 1795 | F3: 2016 | G3: 2572 | H3: 3370 | I3: 3496 | J3: 4021 | K3: 4545 | L3: 5070 | M3: 5594
A4: 01002 | B4: PELHAM | C4: 1347 | D4: 1481 | E4: 1795 | F4: 2016 | G4: 2572 | H4: 3370 | I4: 3496 | J4: 4021 | K4: 4545 | L4: 5070 | M4: 5594
A5: 01003 | B5: AMHERST | C5: 1669 | D5: 1836 | E5: 2226 | F5: 2509 | G5: 3202 | H5: 4189 | I5: 4357 | J5: 5011 | K5: 5664 | L5: 6318 | M5: 6972
A6: 01005 | B6: BARRE | C6: 1126 | D6: 1239 | E6: 1501 | F6: 1512 | G6: 1953 | H6: 2457 | I6: 2898 | J6: 3332 | K6: 3767 | L6: 4202 | M6: 4636
A7: 01007 | B7: BELCHERTOWN | C7: 1149 | D7: 1265 | E7: 1533 | F7: 1722 | G7: 2194 | H7: 2877 | I7: 2982 | J7: 3429 | K7: 3876 | L7: 4323 | M7: 4771
A8: 01008 | B8: BLANDFORD | C8: 890 | D8: 978 | E8: 1186 | F8: 1312 | G8: 1648 | H8: 2089 | I8: 2719 | J8: 3127 | K8: 3535 | L8: 3943 | M8: 4351
A9: 01009 | B9: PALMER | C9: 1032 | D9: 1135 | E9: 1375 | F9: 1554 | G9: 1963 | H9: 2446 | I9: 2583 | J9: 2970 | K9: 3357 | L9: 3745 | M9: 4132
A10: 01010 | B10: BRIMFIELD | C10: 866 | D10: 953 | E10: 1155 | F10: 1312 | G10: 1648 | H10: 2016 | I10: 2436 | J10: 2801 | K10: 3166 | L10: 3532 | M10: 3897
A11: 01011 | B11: CHESTER | C11: 984 | D11: 1082 | E11: 1312 | F11: 1501 | G11: 1900 | H11: 2373 | I11: 2562 | J11: 2946 | K11: 3330 | L11: 3714 | M11: 4099
A12: 01011 | B12: MIDDLEFIELD | C12: 984 | D12: 1082 | E12: 1312 | F12: 1501 | G12: 1900 | H12: 2373 | I12: 2562 | J12: 2946 | K12: 3330 | L12: 3714 | M12: 4099
A13: 01012 | B13: CHESTERFIELD | C13: 984 | D13: 1082 | E13: 1312 | F13: 1501 | G13: 1900 | H13: 2373 | I13: 2562 | J13: 2946 | K13: 3330 | L13: 3714 | M13: 4099
... A546: 02790 | B546: WESTPORT | C546: 1149 | D546: 1265 | E546: 1533 | F546: 1627 | G546: 2026 | H546: 2478 | I546: 2824 | J546: 3248 | K546: 3671 | L546: 4096 | M546: 4519
